Map: [ESL] Cosmic Sapphire

Players

Serral

  • Race: Zerg Zerg
  • League: Grandmaster
  • Spawn Location: 11:00

maru - Winner!

  • Race: Terran Terran
  • League: Diamond
  • Spawn Location: 5:00

Event: TSL 9

VOD

Have the link to the VOD?

Description

Time

  • Played on: Sept. 4, 2022, 12:43 p.m.
  • Length: 10:46

All games in this series

Show
View Real Time Build Order
Export as new Build Order

Serral Zerg 

Build Orders: Hatch First 

Get SALT Encoding   

  12  0:00  Drone  
  13  0:11  Overlord  
  13  0:16  Drone  
  14  0:30  Drone x2  
  16  0:47  Hatchery  
  15  0:50  Drone  
  15  0:53  Drone  
  17  0:57  Drone  
  18  1:08  Extractor  
  17  1:12  Spawning Pool  
  17  1:15  Drone  
  17  1:19  Drone  
  18  1:27  Drone  
  19  1:38  Drone  
  20  1:48  Drone  
  21  1:58  Queen  
  21  1:59  Zergling x4, Queen  
  27  2:12  Zergling x2  
  24  2:31  Drone x3  
  24  2:34  Drone  
  25  2:41  Drone  
  25  2:52  Overlord  
  25  2:54  Drone  
  26  3:00  Drone x2  
  28  3:07  Overlord  
  28  3:12  Overlord  
  28  3:15  Extractor  
  28  3:16  Drone x2, Extractor  
  30  3:27  Queen  
  30  3:28  Drone x2  
  30  3:30  Drone  
  30  3:33  Drone  
  36  3:34  Drone  
  36  3:39  Metabolic Boost  
  36  3:41  Drone  
  38  3:44  Drone  
  38  3:47  Drone  
  40  3:49  Drone  
  40  4:03  Drone x2  
  40  4:04  Hatchery  
  41  4:12  Zergling x6  
  41  4:16  Extractor  
  43  4:18  Roach Warren  
  43  4:19  Zergling x4  
  43  4:21  Overlord  
  44  4:25  Overlord  
  44  4:31  Overlord  
  44  4:34  Overlord  
  44  4:36  Overlord  
  44  4:49  Zergling x4  
  44  4:50  Overlord  
  46  4:58  Roach x5  
  56  5:03  Spore Crawler  
  53  5:10  Roach x3  
  57  5:15  Roach  
  57  5:19  Zergling x4  
  60  5:28  Ravager  
  60  5:29  Ravager  
  60  5:30  Zergling x6  
  65  5:36  Zergling x6  
  65  5:41  Ravager  
  69  5:43  Zergling x4  
  71  5:51  Overlord  
  71  5:52  Zergling x4  
  71  5:56  Ravager  
  73  6:04  Zergling x2  
  73  6:05  Zergling x8  
  73  6:08  Ravager  
  69  6:21  Drone  
  69  6:22  Drone x5  
  69  6:23  Drone  
  62  6:27  Drone  
  62  6:29  Drone  
  54  6:33  Drone x2  
  54  6:35  Drone  
  54  6:38  Drone  
  51  6:42  Drone x2  
  52  6:47  Drone x3  
  52  6:54  Drone x4  
  58  6:57  Drone  
  60  7:03  Drone x2  
  60  7:05  Drone, Evolution Chamber x2  
  61  7:11  Drone  
  61  7:16  Drone x6  
  61  7:22  Queen  
  69  7:24  Lair  
  69  7:26  Zergling x6  
  72  7:33  Baneling Nest  
  71  7:37  Hatchery  
  71  7:40  Drone  
  71  7:43  Zerg Ground Armor Level 1, Zerg Melee Weapons Level 1  
  70  7:47  Zergling x6  
  70  7:50  Overlord  
  73  7:56  Zergling x12  
  79  7:59  Overlord x2  
  79  8:03  Queen, Extractor  
  80  8:07  Drone x3  
  80  8:10  Zergling x2  
  84  8:12  Overlord  
  84  8:14  Zergling x8  
  86  8:26  Drone x8  
  93  8:32  Centrifugal Hooks  
  93  8:33  Drone  
  94  8:35  Drone  
  94  8:37  Zergling x2  
  96  8:41  Zergling x2  
  96  8:42  Zergling x2  
  97  8:50  Zergling x6  
  97  8:53  Zergling x2  
  99  8:55  Queen  
  99  8:58  Zergling x12  
  99  9:01  Drone  
  107  9:06  Zergling x2  
  107  9:07  Zergling x4  
  108  9:14  Zergling x2  
  108  9:15  Zergling x8  
  113  9:21  Overlord  
  113  9:22  Zergling x6  
  114  9:25  Queen  
  114  9:28  Overlord  
  114  9:30  Baneling x7  
  114  9:32  Drone x2  
  114  9:34  Zergling x16, Hatchery  
  114  9:36  Baneling  
  114  9:37  Baneling x4  
  123  9:40  Overlord  
  123  9:47  Zergling x6  
  123  9:51  Baneling x2  
  124  9:53  Zergling x14  
  128  10:01  Baneling  
  128  10:02  Baneling x2  
  128  10:03  Zergling x16  
  131  10:12  Zergling x8  
  119  10:19  Zergling x10  
  102  10:22  Baneling x3  
  102  10:23  Zergling x4  
  102  10:28  Zergling x12  
Show
View Real Time Build Order
Export as new Build Order

maru Terran - Winner!

Build Orders:  

Get SALT Encoding   

  12  0:00  SCV  
  13  0:12  SCV  
  14  0:17  Supply Depot  
  14  0:24  SCV  
  15  0:39  Barracks  
  15  0:50  Barracks  
  15  0:53  SCV  
  16  1:05  SCV  
  16  1:07  Refinery  
  17  1:18  SCV  
  18  1:26  Marine  
  18  1:30  Orbital Command  
  19  1:37  Marine  
  19  1:39  Supply Depot  
  20  1:43  Marine  
  21  1:54  Bunker  
  21  1:56  SCV  
  21  1:57  Marine  
  23  2:01  Marine  
  23  2:07  Bunker  
  24  2:10  SCV  
  24  2:14  Marine  
  26  2:17  Factory  
  26  2:22  SCV  
  25  2:34  SCV  
  25  2:36  Marine  
  24  2:46  SCV  
  25  2:53  Command Center  
  25  2:56  Marine  
  26  2:58  SCV  
  27  3:08  Factory Reactor  
  27  3:11  SCV  
  27  3:12  Starport  
  28  3:17  Supply Depot  
  28  3:22  Refinery  
  28  3:23  SCV  
  28  3:35  SCV  
  29  3:45  Hellion x2  
  29  3:47  SCV, Medivac  
  36  3:59  SCV  
  36  4:02  Supply Depot  
  37  4:08  Hellion  
  39  4:17  Barracks Tech Lab  
  39  4:19  Starport Tech Lab  
  39  4:24  SCV, Hellion  
  42  4:30  Orbital Command  
  42  4:31  Hellion  
  44  4:36  SCV  
  44  4:37  Marine  
  46  4:44  Supply Depot  
  48  4:48  SCV, Stimpack  
  49  4:54  Marine  
  49  4:56  SCV  
  51  5:00  SCV  
  52  5:08  SCV  
  52  5:12  SCV  
  50  5:19  Banshee  
  50  5:20  SCV  
  50  5:21  Bunker, Marine  
  52  5:23  Factory Tech Lab  
  52  5:24  SCV  
  54  5:28  Barracks  
  54  5:29  Bunker  
  54  5:30  Barracks  
  54  5:33  SCV  
  55  5:36  SCV  
  55  5:42  Siege Tank  
  59  5:45  SCV  
  59  5:48  Supply Depot, SCV  
  61  5:52  Marine  
  63  5:57  SCV  
  63  5:59  Command Center  
  63  6:00  SCV  
  64  6:10  Marine  
  64  6:13  SCV  
  64  6:14  Siege Tank  
  64  6:16  SCV  
  66  6:25  SCV  
  55  6:26  Marine x2  
  55  6:28  SCV, Marine  
  55  6:37  SCV  
  50  6:40  SCV  
  50  6:44  Marine  
  50  6:46  Raven, Marine  
  56  6:50  SCV  
  56  6:57  Supply Depot  
  56  6:58  Supply Depot, Siege Tank  
  56  6:59  SCV  
  56  7:01  Barracks Reactor  
  60  7:02  SCV  
  60  7:03  Refinery  
  61  7:09  Marine  
  61  7:11  SCV  
  64  7:17  Engineering Bay  
  64  7:19  Orbital Command  
  64  7:21  Engineering Bay  
  64  7:22  SCV  
  64  7:23  SCV  
  64  7:27  Combat Shield, Marine  
  64  7:28  Marine  
  67  7:36  SCV  
  68  7:37  Starport Reactor  
  68  7:42  SCV  
  68  7:43  Barracks  
  68  7:44  Barracks  
  69  7:48  SCV, Terran Infantry Armor Level 1, Terran Infantry Weapons Level 1  
  70  7:54  Marine x5  
  70  7:57  SCV  
  76  7:59  Supply Depot  
  76  8:00  SCV  
  77  8:07  Siege Tank, Orbital Command  
  77  8:09  SCV  
  77  8:12  SCV  
  82  8:14  Barracks, Marine x2  
  82  8:15  Barracks  
  82  8:18  Medivac  
  85  8:21  SCV  
  85  8:24  SCV  
  87  8:27  Marine x3  
  87  8:29  Supply Depot  
  90  8:37  Barracks Reactor x2  
  90  8:38  SCV x3  
  90  8:39  Supply Depot  
  93  8:42  Marine  
  93  8:43  Marine  
  95  8:48  Siege Tank  
  95  8:50  SCV  
  99  8:55  Medivac  
  99  8:56  Marine x3  
  99  9:00  SCV x2  
  106  9:03  Marine x3  
  106  9:04  Marine  
  106  9:09  Refinery  
  110  9:10  Supply Depot  
  110  9:14  Marine x3  
  110  9:17  Marine x3  
  116  9:25  Supply Depot x2  
  116  9:28  Armory  
  116  9:30  Marine x2  
  117  9:32  Marine x2  
  117  9:33  Medivac x2  
  123  9:39  Marine  
  123  9:42  Supply Depot  
  123  9:43  SCV  
  125  9:46  SCV, Marine x2  
  125  9:47  Supply Depot  
  125  9:49  Marine x4  
  125  9:50  Siege Tank  
  135  9:56  Marine x3  
  131  10:06  Marine x4  
  119  10:07  Marine x4  
  107  10:14  Marine  
  107  10:17  SCV x2  
  107  10:18  SCV  
  96  10:24  Marine  
  96  10:25  Marine  
  97  10:29  SCV x2  
  97  10:30  SCV  
Tags
 
Add a new tag
Caveats
  • Supply blocks, unpowered buildings, or Contaminate may cause inaccurate times.
  • Supply counts are checked every 10 seconds.